MLB
SEATTLE MARINERS @ MINNESOTA TWINS
03/16/2044
 
TOP OF THE 1ST
Seattle Mariners batting - Pitching for Minnesota Twins : RHP Steffen Joseph
Pitching: RHP Steffen Joseph
Batting: RHB Leon Alders 0-0: Ball
1-0: Ball
2-0: Foul Ball, location: 2F
2-1: Ball
3-1: Foul Ball, location: 2F
3-2: SINGLE (Groundball, 25, EV 65.6 MPH) (infield hit)
Batting: SHB Floyd-William Goof 0-0: Ball
1-0: Ball
2-0: Ball
Leon Alders steals 2nd base
3-0: Base on Balls
Batting: LHB Bi-jun Chien 0-0: Foul Ball, location: 2F
0-1: Ball
1-1: Ball
2-1: Called Strike
2-2: SINGLE (Line Drive, 89S, EV 106.2 MPH)
Leon Alders to third
Floyd-William Goof to second
Runner from 3rd tries for Home, SAFE, throw by RF to home
Batting: LHB Cliff Thomas 0-0: Fly out, F4 (Popup, 34, EV 64.4 MPH)
Batting: RHB Corey Ottinger 0-0: Foul Ball, location: 2F
0-1: Ball
1-1: Foul Ball, location: 2F
1-2: Foul Ball, location: 2F
1-2: Fly out, F9 (Line Drive, 9D, EV 93.1 MPH)
Runner from 2nd tags up, SAFE at 3rd, no throw by RF
Batting: RHB Ivan Colon 0-0: Ball
1-0: Called Strike
1-1: Fly out, F9 (Flyball, 9, EV 76.9 MPH)
Top of the 1st over - 1 run, 2 hits, 0 errors, 2 left on base; Seattle 1 - Minnesota 0
BOTTOM OF THE 1ST
Minnesota Twins batting - Pitching for Seattle Mariners : RHP Takaaki Nakada
Pitching: RHP Takaaki Nakada
Batting: LHB Peer Derks 0-0: Called Strike
0-1: Ball
1-1: Ball
2-1: Called Strike
2-2: Foul Ball, location: 2F
2-2: TRIPLE (Flyball, 89XD, EV 102.5 MPH)
Batting: RHB Jesse Scott 0-0: Ball
1-0: Foul Ball, location: 2F
1-1: Fly out, F7 (Flyball, 78M, EV 89.4 MPH)
Batting: RHB Jesus Chavez 0-0: SINGLE (Line Drive, 7S, EV 96.2 MPH)
Peer Derks scores
Batting: LHB Gerardo Flores Pickoff Throw to First - Out! 1-3
0-0: Ball
1-0: Ground out 1-3 (Groundball, 23, EV 68.8 MPH)
Bottom of the 1st over - 1 run, 2 hits, 0 errors, 0 left on base; Seattle 1 - Minnesota 1
TOP OF THE 2ND
Seattle Mariners batting - Pitching for Minnesota Twins : RHP Steffen Joseph
Batting: LHB Jerrod Cluck 0-0: Ball
1-0: Ball
2-0: SINGLE (Groundball, 6MS, EV 70.0 MPH) (infield hit)
Batting: RHB Jonathan Rangel 0-0: Ball
Jerrod Cluck is caught stealing 2nd base 2-4
1-0: Fly out, F9 (Flyball, 9S, EV 81.9 MPH)
Batting: RHB Young-kwang Ohnn 0-0: Ball
1-0: Ball
2-0: Fly out, F8 (Line Drive, 8RD, EV 93.1 MPH)
Top of the 2nd over - 0 runs, 1 hit, 0 errors, 0 left on base; Seattle 1 - Minnesota 1
BOTTOM OF THE 2ND
Minnesota Twins batting - Pitching for Seattle Mariners : RHP Takaaki Nakada
Batting: RHB Yonetoshi Muranaka 0-0: Ball
1-0: Called Strike
1-1: Ground out 3-1 (Groundball, 34, EV 103.8 MPH)
Batting: RHB Vinny Luna 0-0: Foul Ball, location: 2F
0-1: Called Strike
0-2: Foul Ball, location: 2F
0-2: Ball
1-2: Ball
2-2: Foul Ball, location: 2F
2-2: Ball
3-2: Strikes out swinging
Batting: RHB Josh Zoglmann 0-0: Swinging Strike
0-1: Ball
1-1: Ball
2-1: Called Strike
2-2: Foul Ball, location: 2F
2-2: Fly out, F9 (Flyball, 89D, EV 98.1 MPH)
Bottom of the 2nd over - 0 runs, 0 hits, 0 errors, 0 left on base; Seattle 1 - Minnesota 1
TOP OF THE 3RD
Seattle Mariners batting - Pitching for Minnesota Twins : RHP Steffen Joseph
Batting: RHB Leon Alders 0-0: Ball
1-0: Ball
2-0: Called Strike
2-1: Ball
3-1: Foul Ball, location: 2F
3-2: Base on Balls
Batting: SHB Floyd-William Goof 0-0: Ball
1-0: Called Strike
1-1: Foul Ball, location: 2F
1-2: Ball
2-2: DOUBLE (Line Drive, 78M, EV 100.0 MPH)
Leon Alders to third
Batting: LHB Bi-jun Chien 0-0: Ball
1-0: Called Strike
1-1: Fly out, F8 (Flyball, 8RS, EV 77.5 MPH)
Batting: LHB Cliff Thomas 0-0: Ball
1-0: Swinging Strike
1-1: Ball
2-1: Called Strike
2-2: Strikes out swinging
Batting: RHB Corey Ottinger 0-0: Hit by Pitch
Batting: RHB Ivan Colon 0-0: Ball
1-0: Fly out, F9 (Line Drive, 9D, EV 92.5 MPH)
Top of the 3rd over - 0 runs, 1 hit, 0 errors, 3 left on base; Seattle 1 - Minnesota 1
BOTTOM OF THE 3RD
Minnesota Twins batting - Pitching for Seattle Mariners : RHP Takaaki Nakada
Batting: RHB Aaron Trotman 0-0: Swinging Strike
0-1: Called Strike
0-2: Ball
1-2: Strikes out swinging
Batting: RHB Bobby Blanchard 0-0: Swinging Strike
0-1: Ball
1-1: Ball
2-1: Ball
3-1: SINGLE (Line Drive, 7S, EV 94.4 MPH)
Batting: LHB Peer Derks 0-0: Called Strike
0-1: Ball
1-1: Ball
2-1: Ground out 4-3 (Groundball, 34, EV 101.9 MPH)
Bobby Blanchard to second
Batting: RHB Jesse Scott 0-0: Ball
1-0: Called Strike
1-1: Ground out 6-3 (Groundball, 6, EV 88.8 MPH)
Bottom of the 3rd over - 0 runs, 1 hit, 0 errors, 1 left on base; Seattle 1 - Minnesota 1
TOP OF THE 4TH
Seattle Mariners batting - Pitching for Minnesota Twins : RHP Steffen Joseph
Batting: LHB Jerrod Cluck 0-0: Ball
1-0: Ground out 4-3 (Groundball, 4MD, EV 108.1 MPH)
Batting: RHB Jonathan Rangel 0-0: Called Strike
0-1: Ball
1-1: Ball
2-1: DOUBLE (Line Drive, 89M, EV 108.8 MPH)
Batting: RHB Young-kwang Ohnn 0-0: Called Strike
0-1: Ball
1-1: Ball
2-1: Called Strike
2-2: Fly out, F4 (Popup, 4D, EV 56.9 MPH)
Batting: RHB Leon Alders 0-0: Ball
1-0: Foul Ball, location: 2F
1-1: Ball
2-1: Ball
3-1: Foul Ball, location: 2F
3-2: TRIPLE (Line Drive, 8LD, EV 87.5 MPH)
Jonathan Rangel scores
Batting: SHB Floyd-William Goof 0-0: Ball
1-0: Foul Ball, location: 2F
1-1: Foul Ball, location: 2F
1-2: Fly out, F7 (Flyball, 78D, EV 103.8 MPH)
Top of the 4th over - 1 run, 2 hits, 0 errors, 1 left on base; Seattle 2 - Minnesota 1
BOTTOM OF THE 4TH
Minnesota Twins batting - Pitching for Seattle Mariners : RHP Takaaki Nakada
Batting: RHB Jesus Chavez 0-0: Hit by Pitch
Batting: LHB Gerardo Flores 0-0: Ball
1-0: Fielders Choice at 2nd, 4-6 (Groundball, 4, EV 85.6 MPH)
Batting: RHB Yonetoshi Muranaka 0-0: Ball
1-0: Ball
2-0: Ball
3-0: Called Strike
3-1: Called Strike
3-2: Strikes out swinging
Gerardo Flores steals 2nd base
Batter strikes out.
Batting: RHB Vinny Luna 0-0: Called Strike
0-1: Foul Ball, location: 2F
0-2: Ball
1-2: Strikes out swinging
Bottom of the 4th over - 0 runs, 0 hits, 0 errors, 1 left on base; Seattle 2 - Minnesota 1
TOP OF THE 5TH
Seattle Mariners batting - Pitching for Minnesota Twins : RHP Steffen Joseph
Pitching: RHP Hiromasa Kumasaka
Batting: LHB Bi-jun Chien 0-0: Called Strike
0-1: Ball
1-1: Swinging Strike
1-2: Fly out, F8 (Line Drive, 8LM, EV 102.5 MPH)
Batting: LHB Cliff Thomas 0-0: Foul Ball, location: 2F
0-1: Ball
1-1: Ball
2-1: Ball
3-1: Base on Balls
Batting: RHB Corey Ottinger 0-0: Ball
1-0: Foul Ball, location: 2F
1-1: Ball
2-1: Swinging Strike
2-2: Ball
3-2: Foul Ball, location: 2F
3-2: Foul Ball, location: 2F
3-2: Fly out, F9 (Flyball, 89M, EV 87.5 MPH)
Batting: RHB Ivan Colon 0-0: Foul Ball, location: 2F
0-1: Called Strike
0-2: Ball
1-2: Strikes out swinging
Top of the 5th over - 0 runs, 0 hits, 0 errors, 1 left on base; Seattle 2 - Minnesota 1
BOTTOM OF THE 5TH
Minnesota Twins batting - Pitching for Seattle Mariners : RHP Takaaki Nakada
Pitching: LHP Angel Contreras
Batting: RHB Josh Zoglmann 0-0: Foul Ball, location: 2F
0-1: Called Strike
0-2: Ball
1-2: Ball
2-2: Ball
3-2: Foul Ball, location: 2F
3-2: Strikes out swinging
Batting: RHB Aaron Trotman 0-0: SINGLE (Groundball, 5S, EV 66.2 MPH) (infield hit)
Batting: RHB Bobby Blanchard 0-0: Foul Ball, location: 2F
0-1: Ball
1-1: Swinging Strike
1-2: Foul Ball, location: 2F
1-2: Foul Ball, location: 2F
1-2: Ball
2-2: Ball
3-2: Foul Ball, location: 2F
3-2: Strikes out swinging
Aaron Trotman is caught stealing 2nd base 2-4
Batter strikes out.
Bottom of the 5th over - 0 runs, 1 hit, 0 errors, 0 left on base; Seattle 2 - Minnesota 1
TOP OF THE 6TH
Seattle Mariners batting - Pitching for Minnesota Twins : RHP Hiromasa Kumasaka
Batting: LHB Jerrod Cluck 0-0: Ball
1-0: Ball
2-0: Bunt for hit to 15 - play at first, batter OUT! 1-3
Batting: RHB Jonathan Rangel 0-0: Ball
1-0: Ball
2-0: Ball
3-0: Called Strike
3-1: Foul Ball, location: 2F
3-2: Foul Ball, location: 2F
3-2: Base on Balls
Batting: RHB Young-kwang Ohnn 0-0: Called Strike
Jonathan Rangel steals 2nd base
0-1: Swinging Strike
0-2: Ground out 4-3 (Groundball, 4, EV 83.8 MPH)
Jonathan Rangel to third
Pinch Hitting: RHB Steve Bartman Jr. 0-0: Called Strike
0-1: Ball
1-1: Ball
2-1: Foul Ball, location: 2F
2-2: Ground out 6-3 (Groundball, 6, EV 88.8 MPH)
Top of the 6th over - 0 runs, 0 hits, 0 errors, 1 left on base; Seattle 2 - Minnesota 1
BOTTOM OF THE 6TH
Minnesota Twins batting - Pitching for Seattle Mariners : LHP Angel Contreras
Now at 2B: Steve Bartman Jr.
Batting: LHB Peer Derks 0-0: Called Strike
0-1: Ground out 4-3 (Groundball, 4S, EV 83.8 MPH)
Batting: RHB Jesse Scott 0-0: Called Strike
0-1: Ground out 5-3 (Groundball, 5, EV 85.0 MPH)
Batting: RHB Jesus Chavez 0-0: SINGLE (Groundball, 4D, EV 98.8 MPH)
Batting: LHB Gerardo Flores 0-0: Ball
1-0: Foul Ball, location: 2F
1-1: Ball
2-1: Ball
3-1: Called Strike
Pickoff Throw to First - Out! 1-3
Bottom of the 6th over - 0 runs, 1 hit, 0 errors, 0 left on base; Seattle 2 - Minnesota 1
TOP OF THE 7TH
Seattle Mariners batting - Pitching for Minnesota Twins : RHP Hiromasa Kumasaka
Pitching: RHP Keeley Schenk
Pinch Hitting: LHB Dae-ik Yoon 0-0: Ball
1-0: Foul Ball, location: 2F
1-1: Ball
2-1: Foul Ball, location: 2F
2-2: Ball
3-2: Fly out, F8 (Flyball, 8RD, EV 101.2 MPH)
Pinch Hitting: RHB Jose Vasquez 0-0: Ball
1-0: Ball
2-0: Called Strike
2-1: Foul Ball, location: 2F
2-2: Ball
3-2: Foul Ball, location: 2F
3-2: Fly out, F8 (Flyball, 8LD, EV 95.6 MPH)
Batting: SHB Tze-meng Gan 0-0: Ball
1-0: Called Strike
1-1: Ball
2-1: Ground out 4-3 (Groundball, 4, EV 91.2 MPH)
Top of the 7th over - 0 runs, 0 hits, 0 errors, 0 left on base; Seattle 2 - Minnesota 1
BOTTOM OF THE 7TH
Minnesota Twins batting - Pitching for Seattle Mariners : LHP Angel Contreras
Now at 1B: Dae-ik Yoon
Now in CF: Jose Vasquez
Batting: LHB Gerardo Flores 0-0: Swinging Strike
0-1: Ball
1-1: Ball
2-1: Fly out, F4 (Popup, 23, EV 85.6 MPH)
Batting: RHB Yonetoshi Muranaka 0-0: SINGLE (Groundball, P, EV 81.2 MPH) (infield hit)
Batting: RHB Vinny Luna 0-0: Ball
1-0: SINGLE (Line Drive, 6MD, EV 95.6 MPH)
Yonetoshi Muranaka to second
Batting: RHB Josh Zoglmann 0-0: Called Strike
0-1: Foul Ball, location: 2F
0-2: Ball
1-2: Ball
2-2: Strikes out swinging
Batting: RHB Aaron Trotman 0-0: Foul Ball, location: 2F
0-1: Called Strike
0-2: Reached on error, E3 (Groundball, 34, EV 84.4 MPH)
Yonetoshi Muranaka scores
Vinny Luna to third
Batting: RHB Bobby Blanchard 0-0: Called Strike
0-1: Called Strike
0-2: Foul Ball, location: 2F
0-2: Ball
1-2: Strikes out swinging
Bottom of the 7th over - 1 run, 2 hits, 1 error, 2 left on base; Seattle 2 - Minnesota 2
TOP OF THE 8TH
Seattle Mariners batting - Pitching for Minnesota Twins : RHP Keeley Schenk
Pitching: RHP Luis Sanchez
Pinch Hitting: SHB Nelson Powell 0-0: Foul Ball, location: 2F
0-1: Ball
1-1: Called Strike
1-2: Foul Ball, location: 2F
1-2: Ball
2-2: Strikes out looking
Batting: RHB Ivan Colon 0-0: Ball
1-0: Foul Ball, location: 2F
1-1: Ball
2-1: Called Strike
2-2: Foul Ball, location: 2F
2-2: Strikes out swinging
Pinch Hitting: LHB John Zumbo 0-0: Ball
1-0: Called Strike
1-1: Ball
2-1: Foul Ball, location: 2F
2-2: Strikes out looking
Top of the 8th over - 0 runs, 0 hits, 0 errors, 0 left on base; Seattle 2 - Minnesota 2
BOTTOM OF THE 8TH
Minnesota Twins batting - Pitching for Seattle Mariners : LHP Angel Contreras
Pitching: LHP Valery Sahanov
Now at C: Nelson Powell
Now at 3B: Young-kwang Ohnn
Now in LF: John Zumbo
Batting: LHB Peer Derks 0-0: Ground out 4-3 (Groundball, 4, EV 84.4 MPH)
Pinch Hitting: RHB Tony Rivera 0-0: Foul Ball, location: 2F
0-1: Foul Ball, location: 2F
0-2: Ball
1-2: Strikes out swinging
Pinch Hitting: LHB Shu-yen Guo 0-0: Called Strike
0-1: Ball
1-1: Ground out 5-3 (Groundball, 6S, EV 71.2 MPH)
Bottom of the 8th over - 0 runs, 0 hits, 0 errors, 0 left on base; Seattle 2 - Minnesota 2
TOP OF THE 9TH
Seattle Mariners batting - Pitching for Minnesota Twins : RHP Luis Sanchez
Now at 1B: Shu-yen Guo
Now at SS: Tony Rivera
Batting: RHB Jonathan Rangel 0-0: Ball
1-0: Called Strike
1-1: Ball
2-1: Swinging Strike
2-2: Foul Ball, location: 2F
2-2: Ball
3-2: Base on Balls
Batting: RHB Young-kwang Ohnn 0-0: Ball
1-0: Grounds into double play, 5-4-3 (Groundball, 56, EV 87.5 MPH)
Batting: RHB Steve Bartman Jr. 0-0: Ground out 6-3 (Groundball, 6, EV 96.9 MPH)
Top of the 9th over - 0 runs, 0 hits, 0 errors, 0 left on base; Seattle 2 - Minnesota 2
BOTTOM OF THE 9TH
Minnesota Twins batting - Pitching for Seattle Mariners : LHP Valery Sahanov
Batting: LHB Gerardo Flores 0-0: Ball
1-0: Called Strike
1-1: Ball
2-1: Ball
3-1: Fly out, F8 (Flyball, 8LD, EV 101.9 MPH)
Batting: RHB Yonetoshi Muranaka 0-0: Ball
1-0: Ball
2-0: Ball
3-0: Called Strike
3-1: Swinging Strike
3-2: Base on Balls
Batting: RHB Vinny Luna 0-0: Called Strike
0-1: Ball
1-1: Ball
2-1: Fly out, F9 (Line Drive, 9D, EV 91.2 MPH)
Batting: RHB Josh Zoglmann 0-0: Ball
Yonetoshi Muranaka steals 2nd base
1-0: Ball
2-0: Called Strike
2-1: Foul Ball, location: 2F
2-2: Ball
3-2: Strikes out swinging
Bottom of the 9th over - 0 runs, 0 hits, 0 errors, 1 left on base; Seattle 2 - Minnesota 2
TOP OF THE 10TH
Seattle Mariners batting - Pitching for Minnesota Twins : RHP Luis Sanchez
Batting: LHB Dae-ik Yoon 0-0: Called Strike
0-1: Ball
1-1: Ball
2-1: Foul Ball, location: 2F
2-2: Ball
3-2: Base on Balls
Batting: RHB Jose Vasquez 0-0: Foul Ball, location: 2F
0-1: Ball
1-1: Swinging Strike
1-2: Grounds into double play, 5-4-3 (Groundball, 56, EV 90.6 MPH)
Batting: SHB Tze-meng Gan 0-0: Ball
1-0: Called Strike
1-1: DOUBLE (Flyball, 8LXD, EV 108.8 MPH)
Pitching: LHP Ferrie Werkhoven
Batting: SHB Nelson Powell 0-0: Ball
1-0: Ball
2-0: Foul Ball, location: 2F
2-1: Ball
3-1: Foul Ball, location: 2F
3-2: Strikes out swinging
Top of the 10th over - 0 runs, 1 hit, 0 errors, 1 left on base; Seattle 2 - Minnesota 2
BOTTOM OF THE 10TH
Minnesota Twins batting - Pitching for Seattle Mariners : LHP Valery Sahanov
Pitching: RHP William Cordero
Batting: RHB Aaron Trotman 0-0: Called Strike
0-1: Called Strike
0-2: Foul Ball, location: 2F
0-2: Strikes out looking
Batting: RHB Bobby Blanchard 0-0: Called Strike
0-1: Swinging Strike
0-2: Strikes out swinging
Batting: LHB Peer Derks 0-0: Swinging Strike
0-1: Called Strike
0-2: Ball
1-2: Ball
2-2: Strikes out swinging
Bottom of the 10th over - 0 runs, 0 hits, 0 errors, 0 left on base; Seattle 2 - Minnesota 2
TOP OF THE 11TH
Seattle Mariners batting - Pitching for Minnesota Twins : LHP Ferrie Werkhoven
Batting: RHB Ivan Colon 0-0: Ball
1-0: Swinging Strike
1-1: Foul Ball, location: 2F
1-2: Strikes out swinging
Batting: LHB John Zumbo 0-0: Ball
1-0: Called Strike
1-1: Swinging Strike
1-2: Ball
2-2: Strikes out looking
Batting: RHB Jonathan Rangel 0-0: Ball
1-0: Foul Ball, location: 2F
1-1: Foul Ball, location: 2F
1-2: Foul Ball, location: 2F
1-2: Ball
2-2: Ball
3-2: Base on Balls
Batting: RHB Young-kwang Ohnn 0-0: Ground out 5-3 (Groundball, 56S, EV 67.5 MPH)
Top of the 11th over - 0 runs, 0 hits, 0 errors, 1 left on base; Seattle 2 - Minnesota 2
BOTTOM OF THE 11TH
Minnesota Twins batting - Pitching for Seattle Mariners : RHP William Cordero
Batting: RHB Tony Rivera 0-0: Ball
1-0: Swinging Strike
1-1: Ground out 4-3 (Groundball, 6MD, EV 78.1 MPH)
Batting: LHB Shu-yen Guo 0-0: Ground out 6-3 (Groundball, 6M, EV 83.1 MPH)
Batting: LHB Gerardo Flores 0-0: Ground out U3 (Groundball, 34S, EV 83.8 MPH)
Bottom of the 11th over - 0 runs, 0 hits, 0 errors, 0 left on base; Seattle 2 - Minnesota 2
TOP OF THE 12TH
Seattle Mariners batting - Pitching for Minnesota Twins : LHP Ferrie Werkhoven
Batting: RHB Steve Bartman Jr. 0-0: Ground out 6-3 (Groundball, 6, EV 86.2 MPH)
Batting: LHB Dae-ik Yoon 0-0: Ball
1-0: Ball
2-0: Called Strike
2-1: Foul Ball, location: 2F
2-2: Ball
3-2: Foul Ball, location: 2F
3-2: Ground out 4-3 (Groundball, 4, EV 84.4 MPH)
Pitching: LHP Adam Wood
Batting: RHB Jose Vasquez 0-0: Ball
1-0: Foul Ball, location: 2F
1-1: Ground out 5-3 (Groundball, 56, EV 106.2 MPH)
Top of the 12th over - 0 runs, 0 hits, 0 errors, 0 left on base; Seattle 2 - Minnesota 2
BOTTOM OF THE 12TH
Minnesota Twins batting - Pitching for Seattle Mariners : RHP William Cordero
Batting: RHB Yonetoshi Muranaka 0-0: Ball
1-0: Foul Ball, location: 2F
1-1: Foul Ball, location: 2F
1-2: Ball
2-2: Ground out 6-3 (Groundball, 6, EV 103.8 MPH)
Batting: RHB Vinny Luna 0-0: Called Strike
0-1: Foul Ball, location: 2F
0-2: Fly out, F7 (Flyball, 78D, EV 94.4 MPH)
Batting: RHB Josh Zoglmann 0-0: Ball
1-0: Foul Ball, location: 2F
1-1: Foul Ball, location: 2F
1-2: Reached on error, E3 (Groundball, 3, EV 100.6 MPH)
Batting: RHB Aaron Trotman 0-0: Called Strike
0-1: Ball
1-1: Ball
Josh Zoglmann steals 2nd base (no throw)
2-1: Ball
3-1: Base on Balls
Pitching: RHP Bo Chia
Batting: RHB Bobby Blanchard 0-0: Ball
1-0: Fielders Choice at 2nd, 6-4 (Groundball, 6, EV 88.1 MPH)
Bottom of the 12th over - 0 runs, 0 hits, 1 error, 2 left on base; Seattle 2 - Minnesota 2
TOP OF THE 13TH
Seattle Mariners batting - Pitching for Minnesota Twins : LHP Adam Wood
Batting: SHB Tze-meng Gan 0-0: Called Strike
0-1: Foul Ball, location: 2F
0-2: Ball
1-2: Strikes out swinging
Batting: SHB Nelson Powell 0-0: Ball
1-0: Ball
2-0: Ball
3-0: Called Strike
3-1: Called Strike
3-2: Foul Ball, location: 2F
3-2: Base on Balls
Batting: RHB Ivan Colon 0-0: Ball
1-0: Ball
2-0: Called Strike
2-1: Called Strike
2-2: Fly out, F3 (Popup, 34S, EV 73.1 MPH)
Batting: LHB John Zumbo 0-0: Ball
1-0: Foul Ball, location: 2F
1-1: Foul Ball, location: 2F
1-2: Ball
2-2: SINGLE (Groundball, 4MD, EV 100.0 MPH)
Nelson Powell to second
Batting: RHB Jonathan Rangel 0-0: Swinging Strike
0-1: Swinging Strike
0-2: Foul Ball, location: 2F
0-2: Ball
1-2: Strikes out swinging
Top of the 13th over - 0 runs, 1 hit, 0 errors, 2 left on base; Seattle 2 - Minnesota 2
BOTTOM OF THE 13TH
Minnesota Twins batting - Pitching for Seattle Mariners : RHP Bo Chia
Batting: LHB Peer Derks 0-0: Called Strike
0-1: Swinging Strike
0-2: Foul Ball, location: 2F
0-2: Strikes out swinging
Batting: RHB Tony Rivera 0-0: Swinging Strike
0-1: Foul Ball, location: 2F
0-2: SINGLE (Flyball, 6D, EV 94.4 MPH)
Batting: LHB Shu-yen Guo 0-0: Ball
1-0: Called Strike
1-1: SINGLE (Line Drive, 8RM, EV 108.8 MPH)
Tony Rivera to second
Batting: LHB Gerardo Flores 0-0: Fly out, F6 (Flyball, 6D, EV 91.2 MPH)
Batting: RHB Yonetoshi Muranaka 0-0: Ball
1-0: Called Strike
1-1: Swinging Strike
1-2: Fly out, F7 (Line Drive, 7, EV 91.9 MPH)
Bottom of the 13th over - 0 runs, 2 hits, 0 errors, 2 left on base; Seattle 2 - Minnesota 2
TOP OF THE 14TH
Seattle Mariners batting - Pitching for Minnesota Twins : LHP Adam Wood
Batting: RHB Young-kwang Ohnn 0-0: Ball
1-0: Ground out 5-3 (Groundball, 5, EV 101.9 MPH)
Batting: RHB Steve Bartman Jr. 0-0: Called Strike
0-1: Ball
1-1: Swinging Strike
1-2: Strikes out swinging
Batting: LHB Dae-ik Yoon 0-0: Ball
1-0: Foul Ball, location: 2F
1-1: Foul Ball, location: 2F
1-2: DOUBLE (Line Drive, 7LS, EV 92.5 MPH)
Pitching: RHP Harry Pratt
Batting: RHB Jose Vasquez 0-0: Ball
1-0: Ball
2-0: Ball
3-0: Base on Balls
Batting: SHB Tze-meng Gan 0-0: Called Strike
0-1: Foul Ball, location: 2F
0-2: Fly out, F7 (Flyball, 78M, EV 94.4 MPH)
Top of the 14th over - 0 runs, 1 hit, 0 errors, 2 left on base; Seattle 2 - Minnesota 2
BOTTOM OF THE 14TH
Minnesota Twins batting - Pitching for Seattle Mariners : RHP Bo Chia
Batting: RHB Vinny Luna 0-0: Ground out 5-3 (Groundball, 5, EV 90.0 MPH)
Batting: RHB Josh Zoglmann 0-0: Ground out 4-3 (Groundball, 4S, EV 88.8 MPH)
Batting: RHB Aaron Trotman 0-0: Fly out, F7 (Flyball, 7, EV 82.5 MPH)
Bottom of the 14th over - 0 runs, 0 hits, 0 errors, 0 left on base; Seattle 2 - Minnesota 2
TOP OF THE 15TH
Seattle Mariners batting - Pitching for Minnesota Twins : RHP Harry Pratt
Batting: SHB Nelson Powell 0-0: Ball
1-0: Foul Ball, location: 2F
1-1: Foul Ball, location: 2F
1-2: Ball
2-2: Strikes out swinging
Batting: RHB Ivan Colon 0-0: Ground out 6-3 (Groundball, 6, EV 99.4 MPH)
Batting: LHB John Zumbo 0-0: Called Strike
0-1: Foul Ball, location: 2F
0-2: Fly out, F8 (Flyball, 78M, EV 98.1 MPH)
Top of the 15th over - 0 runs, 0 hits, 0 errors, 0 left on base; Seattle 2 - Minnesota 2
BOTTOM OF THE 15TH
Minnesota Twins batting - Pitching for Seattle Mariners : RHP Bo Chia
Batting: RHB Bobby Blanchard 0-0: Ball
1-0: Foul Ball, location: 2F
1-1: Fly out, F2 (Popup, 23F, EV 81.2 MPH)
Batting: LHB Peer Derks 0-0: Ball
1-0: Ball
2-0: Called Strike
2-1: Ball
3-1: Fly out, F7 (Flyball, 7, EV 95.0 MPH)
Batting: RHB Tony Rivera 0-0: Called Strike
0-1: Ball
1-1: Ball
2-1: SINGLE (Flyball, 6MD, EV 86.9 MPH)
Batting: LHB Shu-yen Guo 0-0: Foul Ball, location: 2F
0-1: Called Strike
0-2: Ball
1-2: Foul Ball, location: 2F
1-2: Ball
2-2: Fly out, F7 (Flyball, 78M, EV 78.1 MPH)
Bottom of the 15th over - 0 runs, 1 hit, 0 errors, 1 left on base; Seattle 2 - Minnesota 2
TOP OF THE 16TH
Seattle Mariners batting - Pitching for Minnesota Twins : RHP Harry Pratt
Batting: RHB Jonathan Rangel 0-0: Foul Ball, location: 2F
0-1: Ball
1-1: Ground out 6-3 (Groundball, 6M, EV 85.6 MPH)
Batting: RHB Young-kwang Ohnn 0-0: Ball
1-0: Foul Ball, location: 2F
1-1: SOLO HOME RUN (Flyball, 7D, EV 101.9 MPH), Distance : 403 ft
Pitching: RHP Oscar Zuniga
Batting: RHB Steve Bartman Jr. 0-0: Ball
1-0: Ball
2-0: Ball
3-0: Called Strike
3-1: Called Strike
3-2: Foul Ball, location: 2F
3-2: Base on Balls
Batting: LHB Dae-ik Yoon 0-0: Ball
1-0: Ball
Steve Bartman Jr. steals 2nd base
2-0: Ball
3-0: Called Strike
3-1: Ground out 5-3 (Groundball, 56S, EV 75.6 MPH)
Batting: RHB Jose Vasquez 0-0: Ball
1-0: Called Strike
1-1: Foul Ball, location: 2F
1-2: Ground out 4-3 (Groundball, 4, EV 81.2 MPH)
Top of the 16th over - 1 run, 1 hit, 0 errors, 1 left on base; Seattle 3 - Minnesota 2
BOTTOM OF THE 16TH
Minnesota Twins batting - Pitching for Seattle Mariners : RHP Bo Chia
Batting: LHB Gerardo Flores 0-0: Fly out, F8 (Flyball, 8RD, EV 85.6 MPH)
Batting: RHB Yonetoshi Muranaka 0-0: Ball
1-0: Ball
2-0: Foul Ball, location: 2F
2-1: Fly out, F7 (Flyball, 78M, EV 94.4 MPH)
Batting: RHB Vinny Luna 0-0: Called Strike
0-1: Swinging Strike
0-2: Strikes out swinging
Bottom of the 16th over - 0 runs, 0 hits, 0 errors, 0 left on base; Seattle 3 - Minnesota 2
Thursday, March 31st , 2022 - OOTP Baseball 22.12 Build 89